 Dungeon Crawl Stone Soup version 0.31.0-1-g2c135a008e (webtiles) character file.

Game seed: 771616497456327752

25 qw the Shooter (level 3, -1/28 HPs)
             Began as a Djinni Hunter on Jan 23, 2024.
             Slain by a goblin
             ... wielding a +0 dagger
              (2 damage)
             ... on level 1 of the Dungeon.
             The game lasted 00:00:01 (251 turns).

qw the Shooter (Djinni Hunter)                       Turns: 251, Time: 00:00:01

Health: -1/28      AC:  3    Str: 10    XL:     3   Next: 17%
Gold:   21         EV:  9    Int: 10    God:
                   SH:  0    Dex: 18

rFire   + + .        a - +0 shortbow
rCold   x . .        (shield currently unavailable)
rNeg    . . .        c - +0 leather armour
rPois   inf          (no helmet)
rElec   .            (no cloak)
rCorr   .            (no gloves)
SInv    .            (boots unavailable)
Will    .....        (no amulet)
Stlth   ++           (no ring)
HPRegen 0.24/turn    (no ring)
MPRegen 0.00/turn

%: infuse magic (-2 HP)
@: flying, constricted
A: sickness immunity, fire resistance 2, cold vulnerability 1, float, innate
caster, HP casting, extra vitality 1
a: no special abilities


You were on level 1 of the Dungeon.
You visited 1 branch of the dungeon, and saw 1 of its levels.

You collected 21 gold pieces.


Innate Abilities, Weirdness & Mutations

You are immune to sickness and miasma.
You are immune to poison.
Your flesh is very heat resistant. (rF++)
You are vulnerable to cold. (rC-)
You float through the air rather than walking.
You learn spells naturally, not from books.
Your magical power is your life essence.
You have superior vitality. (+4 MHP)


   Skills:
 + Level 2.2 Fighting
 - Level 4.0 Ranged Weapons
 - Level 2.1 Dodging
 - Level 0.7 Stealth


You knew the following spells:

 Your Spells              Type           Power      Damage    Failure   Level
a - Kiss of Death         Conj/Necr      0%         2d5       45%         1
Your spell library was empty.

Inventory:

Hand Weapons
 a - a +0 shortbow (weapon)
Armour
 c - a +0 leather armour (worn)
Jewellery
 f - a +4 ring of protection
Scrolls
 b - a scroll of butterflies
 d - a scroll of vulnerability {unknown}
Potions
 e - a potion of heal wounds {unknown}

Dungeon Overview and Level Annotations

Branches:
Dungeon (1/15)

Altars:


Message History

The goblin closely misses you. The ball python closely misses you. x2
You shoot an arrow. The arrow closely misses the goblin.
The bat closely misses you. x2; The ball python bites you.
The ball python misses you.
The kobold hits you with a +2 antimagic short sword.
The goblin hits you but does no damage. The bat closely misses you.
You shoot an arrow. The arrow barely misses the goblin.
The bat hits you but does no damage. The bat barely misses you.
The ball python barely misses you. The ball python misses you.
The kobold hits you with a +2 antimagic short sword.
The goblin completely misses you. The ball python bites you.
The ball python closely misses you. The bat hits you but does no damage.
The goblin hits you with a +0 dagger. The kobold barely misses you.
You shoot an arrow. The arrow barely misses the goblin.
The bat hits you but does no damage. The ball python bites you.
The ball python barely misses you. The kobold hits you but does no damage.
The goblin barely misses you. The ball python closely misses you. x2
You shoot an arrow. The arrow closely misses the goblin.
The bat closely misses you. The goblin closely misses you.
The kobold hits you with a +2 antimagic short sword.
The ball python barely misses you. The ball python grabs you.
The ball python constricts you.
You shoot an arrow.
The arrow closely misses the ball python.
The arrow closely misses the bat.
The bat hits you. The ball python barely misses you.
The ball python constricts you.
The kobold hits you with a +2 antimagic short sword.
The goblin hits you but does no damage.
The ball python bites you but does no damage.
The ball python constricts you.
You shoot an arrow. The arrow hits the ball python.
The ball python is heavily wounded.
The bat misses you. The bat hits you but does no damage.
The goblin hits you with a +0 dagger. The kobold barely misses you.
The ball python bites you but does no damage.
The ball python constricts you.
The kobold hits you with a +2 antimagic short sword.
The goblin hits you with a +0 dagger.
You die...

. . .# # ########.##.
#.......... . #......(.#
.# ##.######
#........##.# ........#
#............
...####.###.....bK.#####
#....)..........@g......
#..#........####S#)#....
...#.##.###.# #b.... .
#..#.##.# #.# #..##..#
.....##.# #.# #.## ..#
#.......# #.# #.# #.
...#.#### #.# #.% .....#
#.# #.. #.##.#


You could see a goblin, 2 bats, a ball python and a kobold.

Vanquished Creatures
  A ball python (D:1)
  2 bats (D:1)
  2 endoplasms (D:1)
  A giant cockroach (D:1)
  3 goblins (D:1)
  4 hobgoblins (D:1)
  2 kobolds (D:1)
  A quokka (D:1)
  5 rats (D:1)
21 creatures vanquished.

Notes
Turn   | Place    | Note
-------+----------+-------------------------------------------
     0 | D:1      | qw the Djinni Hunter began the quest for the Orb.
     0 | D:1      | Reached XP level 1. HP: 18/18 MP: 0/0
     0 | D:1      | 0 ||| qw: Version: 0.3-a-134-g2ba4250
     0 | D:1      | 0 ||| qw: Game counter: 744
     0 | D:1      | 0 ||| qw: Melee chars always use a shield: true
     0 | D:1      | 0 ||| qw: God list: Okawaru
     0 | D:1      | 0 ||| qw: Allow faded altars: false
     0 | D:1      | 0 ||| qw: Do Orc after clearing Dungeon:15 true
     0 | D:1      | 0 ||| qw: Do second Lair branch before Depths: true
     0 | D:1      | 0 ||| qw: Lair rune preference: random
     0 | D:1      | 0 ||| qw: Goals: Normal
     0 | D:1      | 0 ||| PLANNING D:1-11
   103 | D:1      | Reached XP level 2. HP: 23/23 MP: 0/0
   214 | D:1      | Reached skill level 4 in Ranged Weapons
   214 | D:1      | Reached XP level 3. HP: 28/28 MP: 0/0
   214 | D:1      | Learned a level 1 spell: Kiss of Death
   250 | D:1      | HP: 7/28 [constriction (1)]
   251 | D:1      | HP: 1/28 [kobold/+2 antimagic short sword (4)]
   251 | D:1      | Slain by a goblin

Levels and vault maps discovered:
D:1:      mushboom_english_gardens, layout_basic, minivault_19,
          minmay_pentomino_w4

Skill      XL: |  1  2 |
---------------+-------+-----
Ranged Weapons | 4 |  4.0
Fighting       | |  2.2
Dodging        | |  2.1
Stealth        | |  0.7

Action                     || total
---------------------------++-------
   Fire: Shortbow          ||    64
 Armour: Leather armour    ||    37
  Dodge: Dodged            ||    46

Table legend:
 A = Non-vault XP
 B = Vault XP
 C = Vault XP percentage of total XP
 D = Non-vault monster count
 E = Vault monster count
 F = Vault count percentage of total count
                 A         B        C        D         E       F
            +---------+---------+-------+---------+---------+-------
      Total |      32 |       4 |  11.1 |      19 |       2 |   9.5
            +---------+---------+-------+---------+---------+-------
        D:1 |      32 |       4 |  11.1 |      19 |       2 |   9.5
            +---------+---------+-------+---------+---------+-------
